 Dungeon Crawl Stone Soup version 0.31-a0-986-g5e6e4ef867 (webtiles) character file.

Game seed: 17821311238414840787

107 Elsrick the Chopper (level 4, -8/34 HPs)
             Began as a Demonspawn Gladiator on Nov 13, 2023.
             Killed from afar by Ijyb (15 damage)
             ... with a bolt of light
             ... on level 3 of the Dungeon.
             The game lasted 00:06:08 (2491 turns).

Elsrick the Chopper (Demonspawn Gladiator)          Turns: 2491, Time: 00:06:10

Health: -8/34      AC:  8    Str: 17    XL:     4   Next: 57%
Magic:  4/4        EV: 12    Int:  9    God:
Gold:   105        SH:  0    Dex: 14    Spells: 3/3 levels left

rFire   . . .        a - +0 war axe
rCold   . . .        (no shield)
rNeg    . . .        b - +0 leather armour
rPois   .            u - +0 helmet
rElec   .            (no cloak)
rCorr   .            (no gloves)
SInv    .            (no boots)
Will    .....        (no amulet)
Stlth   +            t - +4 ring of protection
HPRegen 0.25/turn    (no ring)
MPRegen 0.09/turn

%: no passive effects
@: lethally poisoned (-8 -> -20)
A: claws 1, hooves 1, spiny 1
a: no special abilities


You were on level 3 of the Dungeon.
You visited 1 branch of the dungeon, and saw 3 of its levels.

You collected 105 gold pieces.

Inventory:

Hand Weapons
 a - a +0 war axe (weapon)
Missiles
 d - 2 throwing nets (quivered)
 e - a javelin
 l - 6 curare-tipped darts
Armour
 b - a +0 leather armour (worn)
 c - a +0 helmet
 u - a +0 helmet (worn)
Jewellery
 o - a ring of wizardry
 t - a +4 ring of protection (left claw)
Scrolls
 g - 3 scrolls of enchant weapon {unknown}
 i - a scroll of acquirement {unknown}
 j - 2 scrolls of vulnerability {unknown}
 k - 4 scrolls of teleportation {unknown}
 n - a scroll of identify {unknown}
 p - a scroll of silence {unknown}
 r - a scroll of immolation {unknown}
 v - a scroll of blinking {unknown}
Potions
 f - a potion of enlightenment {unknown}
 h - 2 potions of brilliance {unknown}
 m - a potion of curing {unknown}
 q - a potion of attraction {unknown}
 s - a potion of heal wounds {unknown}


   Skills:
 + Level 2.5 Fighting
 + Level 4.2 Axes
 + Level 1.8 Throwing
 + Level 0.4 Armour
 + Level 3.1 Dodging
 + Level 0.1 Stealth


You had 3 spell levels left.
You didn't know any spells.
Your spell library contained the following spells:

 Spells                   Type           Power      Damage    Failure   Level
 Blink                    Tloc           0%         N/A       58%         2
 Lesser Beckoning         Tloc           0%         N/A       58%         2
 Momentum Strike          Conj/Tloc      0%         3d8       58%         2


Dungeon Overview and Level Annotations

Branches:
Dungeon (3/15)

Altars:
Fedhas

Annotations:
D:3 Ijyb


Innate Abilities, Weirdness & Mutations

You have sharp fingernails.
You have large cloven feet.
You are partially covered in sharp spines.


Message History

No target in view!
No target in view!
No target in view!
No target in view!
No target in view!
You now have 105 gold pieces (gained 13).
You see here a +0 club.
Ijyb the Twisted Goblin comes into view.
She is wielding a +0 dagger of venom, wearing a +2 leather armour of cold resistance and carrying a wand of light.
Ijyb shouts!
A ball python comes into view.
Ijyb closely misses you.
You see here a scroll labelled VEUGGI MONO.
You closely miss Ijyb. Your kick misses Ijyb.
Ijyb zaps a wand.
The bolt of light hits you!
Ouch! That really hurt!
You hit Ijyb but do no damage. Your kick misses Ijyb.
Ijyb hits you with a +0 dagger of venom.
You are poisoned.
You miss Ijyb. You kick Ijyb, but do no damage.
You barely miss the ball python.
You feel sick. Ijyb hits you but does no damage.
The ball python barely misses you. Ijyb hits you but does no damage.
You are more poisoned.
You slash Ijyb!
Ijyb is heavily wounded.
You barely miss the ball python.
You feel very sick.
The ball python bites you but does no damage.
Ijyb hits you but does no damage.
You are lethally poisoned!
The ball python is struck by your spines.
The ball python bites you but does no damage.
You closely miss Ijyb. Your kick misses Ijyb.
Ijyb is heavily wounded.
You slash the ball python!
You kill the ball python!
* * * LOW HITPOINT WARNING * * *
You feel very sick.
Ijyb zaps a wand.
The bolt of light hits you!
You die...

#.###.#..##.##.# #... #.#
#.#..##.##.# #### #.#
#.#..##.##.# ######## #.#
#.#........# #....... #.#
#.#.###.#### #.######
..... #.# ###.###
#####.#.############.....#
#................)..#
##.####@..........>.##
##...†g#######......###
.......## #.........
#####.. ##.....### ...
##...## ##### #####


You could see Ijyb.

Vanquished Creatures
  A gnoll (D:1)
  4 adders
  A dart slug (D:3)
  2 orcs (D:3)
  5 bats
  9 endoplasms
  3 giant cockroaches
  7 goblins
  4 hobgoblins
  5 quokkas
  4 ball pythons
  3 frilled lizards
  3 kobolds (D:1)
  3 rats
54 creatures vanquished.

Notes
Turn   | Place    | Note
-------+----------+-------------------------------------------
     0 | D:1      | Elsrick the Demonspawn Gladiator began the quest for the
                  | Orb.
     0 | D:1      | Reached XP level 1. HP: 16/16 MP: 1/1
   144 | D:1      | Discovered your monstrous ancestry.
   144 | D:1      | Gained mutation: You have large cloven feet. [demonic
                  | ancestry]
   144 | D:1      | Reached XP level 2. HP: 16/22 MP: 2/2
   329 | D:1      | Reached skill level 3 in Axes
   756 | D:1      | Gained mutation: You are partially covered in sharp spines.
                  | [demonic ancestry]
   756 | D:1      | Reached XP level 3. HP: 27/27 MP: 3/3
  1239 | D:2      | Found a faded altar of an unknown god.
  1384 | D:2      | Gained mutation: You have sharp fingernails. [demonic
                  | ancestry]
  1384 | D:2      | Reached XP level 4. HP: 34/34 MP: 4/4
  1495 | D:2      | Found a blossoming altar of Fedhas.
  2086 | D:3      | Reached skill level 4 in Axes
  2485 | D:3      | Noticed Ijyb
  2491 | D:3      | Killed from afar by Ijyb

Illustrated notes

Levels and vault maps discovered:
D:1:      amcnicky_arrival_abandoned_market, layout_basic,
          minmay_misc_feat_alley, minmay_strange_pillars
D:2:      layout_basic, hellmonk_ecumenical_altar_arch_garden, basic_altar
D:3:      layout_loops_ring, minmay_cut_off, uniq_ijyb

Skill      XL: |  1  2  3  4 |
---------------+-------------+-----
Dodging        | 3 |  3.1
Axes           | 3 4 |  4.2
Fighting       | |  2.5
Throwing       | |  1.8
Armour         | |  0.4
Stealth        | |  0.1

Action                     |  1- 3 |  4- 6 || total
---------------------------+-------+-------++-------
  Melee: War axe           |    87 |    41 ||   128
         Kick              |    15 |     6 ||    21
  Throw: Throwing net      |     1 |       ||     1
   Stab: Sleeping          |     1 |     1 ||     2
 Armour: Leather armour    |    51 |    21 ||    72
  Dodge: Dodged            |    55 |    22 ||    77

Table legend: (Time is in decaauts)
 A = Elapsed time spent in this place.
 B = Non-inter-level travel time spent in this place.
 C = Inter-level travel time spent in this place.
 D = Time resting spent in this place.
 E = Time spent auto-exploring this place.
 F = Levels seen in this place.
 G = Mean time per level.
                   A        B        C        D        E       F      G
               +--------+--------+--------+--------+--------+-----+--------+
         Total |   2532 |   2432 |    100 |    220 |   1785 |   3 |  844.0 |
       Dungeon |   2532 |   2432 |    100 |    220 |   1785 |   3 |  844.0 |
               +--------+--------+--------+--------+--------+-----+--------+

Top non-repeatable levels by time:
     D:1: 1159 daAuts
     D:2: 859 daAuts
     D:3: 513 daAuts
